[Event "4th Batumi Cup 2018"]
[Site "Batumi"]
[Date "2018.07.07"]
[Round "6"]
[White "Sanchez, Louis"]
[Black "Oboladze, Luka"]
[Result "1-0"]
[ECO "A39"]
[WhiteElo "2290"]
[BlackElo "2378"]
[Annotator "NA"]
[PlyCount "105"]
[EventDate "2018.07.03"]
[EventType "swiss"]
[EventCountry "GEO"]
[SourceTitle "playchess.com"]
[Source "ChessBase"]
[SourceQuality "1"]
[TimeControl "40/5400+30:1800+30"]

1. Nf3 Nf6 2. g3 g6 3. Bg2 c5 4. c4 Bg7 5. O-O O-O 6. d4 cxd4 7. Nxd4 Nc6 8. Nc3 Nxd4 9. Qxd4 d6 10. b3 Nd7 11. Qd2 Nc5 12. Bb2 a5 13. Nd5 {[%emt 0:03:13] A39: Symmetrical English vs ...g6: 4 Bg2 Bg7 5 Nf3 Nf6 6 0-0 0-0 7 d4} Bxb2 14. Qxb2 Be6 15. Rfd1 Bxd5 16. Rxd5 Qb6 17. Rb1 Rfc8 $146 ({Predecessor:} 17... Rab8 18. h4 Qc7 19. a4 Rbd8 20. h5 {1-0 (48) Nikologorskiy,K (2308)-Apresyan,Z (2185) Kocaeli 2011}) 18. h4 Qc7 19. h5 Nd7 20. Rbd1 Rd8 21. Rb5 Rab8 22. hxg6 hxg6 23. Qd2 b6 24. Qh6 e5 25. Bd5 Nf8 26. g4 Qd7 27. f3 Qe7 28. g5 Nh7 29. Qxg6+ Kh8 30. Bxf7 Qxg5+ 31. Qxg5 Nxg5 32. Bd5 $16 Kg7 33. Kg2 Kf6 34. Rh1 Kg7 35. e3 Rf8 36. Rh4 Nh7 37. Rg4+ Kh6 38. Rh4+ Kg7 39. f4 Rfe8 40. Rg4+ Kf6 41. Kf3 Nf8 42. Rg8 Re7 43. Be4 Ree8 44. Rd5 Rbd8 45. Rb5 Rb8 46. a3 Re7 47. Rd5 Rd8 48. Rd1 Ree8 49. Rh1 exf4 50. exf4 Ne6 51. Rg6+ Kf7 52. Rh7+ Kf8 53. Bd5 1-0

[Event "4th Batumi Cup 2018"]
[Site "Batumi"]
[Date "2018.07.07"]
[Round "6"]
[White "Khomeriki, Nino"]
[Black "Levin, Evgeny A"]
[Result "1/2-1/2"]
[ECO "D05"]
[WhiteElo "2257"]
[BlackElo "2539"]
[Annotator "RC"]
[PlyCount "213"]
[EventDate "2018.07.03"]
[EventType "swiss"]
[EventCountry "GEO"]
[SourceTitle "playchess.com"]
[Source "ChessBase"]
[SourceQuality "1"]
[TimeControl "40/5400+30:1800+30"]

1. Nf3 b6 2. d4 Nf6 3. e3 Bb7 4. Bd3 e6 5. O-O d5 6. Nbd2 Bd6 7. b3 O-O 8. Ne5 c5 9. Bb2 Nc6 10. f4 Rc8 11. a3 Ne7 12. Qf3 Nf5 13. Rad1 Qe7 14. Qh3 cxd4 15. exd4 Ne4 16. a4 f6 17. Ng4 Qc7 18. g3 Bb4 19. Nb1 Rfd8 20. Rf3 Qf7 21. c3 Bf8 22. Nd2 Rc7 23. Nf2 Nfd6 24. Re3 f5 25. Nf3 Rdc8 26. Bxe4 Nxe4 27. Nxe4 fxe4 28. Ng5 Qf5 29. Qxf5 exf5 30. Ne6 Rd7 31. Nxf8 Kxf8 32. Kf2 Ba6 33. Ke1 Rc6 34. Ra1 Rh6 35. h4 Bd3 36. a5 Kf7 37. Kd2 bxa5 38. Rxa5 Rb6 39. b4 Kg6 40. Re1 Kh5 41. Rea1 Kg4 42. Ke3 a6 43. Rh1 Kh5 44. Bc1 Bb5 45. Bd2 Rg6 46. Kf2 Rc7 47. Ra3 Rgc6 48. Rc1 Kg4 49. Be3 h6 50. Bd2 Kh5 51. Be3 Kg6 52. Bd2 Kf7 53. Be3 Rc8 54. Bd2 Rh8 55. Be3 Rcc8 56. Ra2 Rcg8 57. Kg2 Ke6 58. Ra3 Kd7 59. Rca1 Rc8 60. Rc1 Rc6 61. Kf2 Rb8 62. Bd2 Bc4 63. Rca1 Bb5 64. Rc1 Rcb6 65. Be3 Ra8 66. Rca1 Kc7 67. Bd2 Kb7 68. Be3 h5 69. Bd2 Bc4 70. Ke3 Rb5 71. Ra5 Rxa5 72. Rxa5 Bb5 73. Be1 Rc8 74. Bd2 Rc6 75. Be1 Rb6 76. Bd2 Bc4 77. Be1 Rb5 78. Rxb5+ Bxb5 79. Bd2 Kb6 80. Bc1 Bd3 81. c4 dxc4 82. Kd2 Kc6 83. Kc3 e3 84. Bxe3 Kd5 85. Bc1 Ke4 86. Bb2 Kf3 87. d5 Be4 88. Kxc4 Kxg3 89. Bxg7 Kxh4 90. Kc5 Bd3 91. Kd4 Bb5 92. Ke3 Kg4 93. Kf2 Kxf4 94. Bh6+ Kg4 95. Ke3 h4 96. Bf4 Bc4 97. d6 Bb5 98. Be5 Kg5 99. Bh2 Kf6 100. Bf4 Ke6 101. Kd4 Kf6 102. Ke3 Kg6 103. Kf2 Kh5 104. Ke3 Kg4 105. Be5 h3 106. Bh2 Kg5 107. Be5 1/2-1/2

[Event "4th Batumi Cup 2018"]
[Site "Batumi"]
[Date "2018.07.07"]
[Round "6"]
[White "Martynyuk, Elizaveta"]
[Black "Primbetov, Kazbek"]
[Result "1/2-1/2"]
[ECO "B75"]
[WhiteElo "2182"]
[BlackElo "2257"]
[Annotator "NA"]
[PlyCount "79"]
[EventDate "2018.07.03"]
[EventType "swiss"]
[EventCountry "GEO"]
[SourceTitle "playchess.com"]
[Source "ChessBase"]
[SourceQuality "1"]
[TimeControl "40/5400+30:1800+30"]

1. e4 c5 2. Nf3 d6 3. d4 cxd4 4. Nxd4 Nf6 5. Nc3 g6 6. Be3 Bg7 7. f3 Nc6 8. Qd2 h5 9. Bc4 Bd7 10. Bb3 {[%emt 0:00:34] B75: Sicilian Dragon: Yugoslav Attack, Miscellaneous} a6 (10... Rc8 11. O-O-O Na5 12. Kb1 a6 13. h3 h4 14. Rhe1 Rh5 15. Nde2 Nc4 16. Bxc4 Rxc4 17. b3 Rc8 {1-0 (34) Khalifman,A (2702)-Shabalov,A (2585) Moscow 2001}) 11. O-O Na5 12. Rae1 $146 ({Predecessor:} 12. Kh1 Rc8 13. Rad1 Nxb3 14. axb3 Bc6 15. Nxc6 Rxc6 16. e5 Nd7 17. exd6 Rxd6 18. Qe2 Nf6 {1-0 (18) Sulc,D (2253)-Sasvari,Z (2222) Nasice 2012}) 12... Rc8 13. Kh1 Nc4 14. Bxc4 Rxc4 15. Nb3 O-O 16. Bh6 Bxh6 17. Qxh6 e5 18. Rd1 Be6 19. Rd2 Rc6 20. h3 Nd7 21. Rfd1 Qe7 22. Qe3 Rfc8 23. Qf2 g5 24. Na4 b5 25. Nc3 b4 26. Na4 Bxb3 27. axb3 h4 28. c3 Rb8 $11 29. Qa7 bxc3 30. Nxc3 Rxb3 31. Nd5 Qd8 32. Qxd7 Qxd7 33. Nf6+ Kf8 34. Nxd7+ Ke7 35. Nf6 Kxf6 36. Rxd6+ Rxd6 37. Rxd6+ Ke7 38. Rxa6 Rxb2 39. Rc6 f6 40. Ra6 1/2-1/2

[Event "4th Batumi Cup 2018"]
[Site "Batumi"]
[Date "2018.07.07"]
[Round "6"]
[White "Tereladze, Sopiko"]
[Black "Mammadova, Narmin"]
[Result "1/2-1/2"]
[ECO "D02"]
[WhiteElo "2169"]
[BlackElo "2209"]
[Annotator "NA"]
[PlyCount "45"]
[EventDate "2018.07.03"]
[EventType "swiss"]
[EventCountry "GEO"]
[SourceTitle "playchess.com"]
[Source "ChessBase"]
[SourceQuality "1"]
[TimeControl "40/5400+30:1800+30"]

1. d4 d5 2. Nf3 Nf6 3. Bf4 g6 4. e3 Bg7 5. Nbd2 O-O 6. c3 b6 7. Bd3 Bb7 8. O-O Nbd7 9. Ne5 {[%emt 0:04:15] D02: Damenbauernspiele} (9. Qe2 Re8 10. Ba6 Qc8 11. Bxb7 Qxb7 12. Ne5 c5 {½-½ (12) Kaliberda,V (2285)-Yuferev,O (2353) Ekaterinburg 2010}) 9... Nh5 10. Nxd7 $146 ({Vorgänger:} 10. Be2 Nxf4 11. exf4 c5 12. Ndf3 f6 13. Ng4 Qc7 14. g3 e5 15. fxe5 fxe5 16. dxe5 Nxe5 17. Nfxe5 Bxe5 {0-1 (28) Tkachev,I (1990)-Kopasov,E (2070) St Petersburg 2009}) 10... Qxd7 11. Bg5 c5 12. f4 f5 13. Nf3 Nf6 14. Ne5 Qd6 15. Bh4 c4 16. Be2 b5 17. Bf3 Ne4 18. Bxe4 dxe4 19. b3 Bf6 20. Bg3 Bd5 21. bxc4 bxc4 22. Qa4 Rfc8 23. Rab1 $11 1/2-1/2

[Event "4th Batumi Cup 2018"]
[Site "Batumi"]
[Date "2018.07.07"]
[Round "6"]
[White "Khalaji, Hanieh"]
[Black "Martynov, Roman"]
[Result "1-0"]
[ECO "B22"]
[WhiteElo "2146"]
[BlackElo "2366"]
[Annotator "NA"]
[PlyCount "57"]
[EventDate "2018.07.03"]
[EventType "swiss"]
[EventCountry "GEO"]
[SourceTitle "playchess.com"]
[Source "ChessBase"]
[SourceQuality "1"]
[TimeControl "40/5400+30:1800+30"]

1. e4 c5 2. c3 d5 3. exd5 Qxd5 4. d4 Nf6 5. Nf3 e6 6. Be3 cxd4 7. cxd4 Nc6 8. Nc3 Qa5 9. a3 Bd7 10. Bd3 Rc8 11. O-O Be7 12. Qe2 O-O 13. Rfd1 {[%emt 0:10:43] B22: Sicilian: 2 c3} (13. b4 Qh5 14. Rac1 Rfd8 15. Rfd1 Be8 16. Bb1 Bd6 17. h3 Ne7 18. Bg5 Bc6 19. Ne4 Nxe4 20. Bxe4 Bxe4 21. Qxe4 Rxc1 22. Rxc1 {½-½ (40) Ionescu Brandis,I (2230)-Iosif,C (2195) Bucharest 1997}) 13... Rfd8 $146 ({Predecessor:} 13... Qh5 14. Ne5 Qxe2 15. Nxe2 Rfd8 16. Nxd7 Rxd7 {1-0 (47) Fraser,R-MacGregor,C (1890) ICCF email 2009}) 14. Rac1 Be8 15. Bb1 Qh5 16. Ba2 g6 17. h3 a6 18. Bg5 Nxd4 19. Nxd4 $11 Qxg5 20. Nxe6 fxe6 21. Qxe6+ Kf8 22. Re1 Bd6 23. Ne4 Qe5 24. Rxc8 Rxc8 25. Nxd6 Qxe6 26. Rxe6 Rc1+ 27. Kh2 Bd7 28. Rxf6+ Ke7 29. Ne4 1-0

[Event "4th Batumi Cup 2018"]
[Site "Batumi"]
[Date "2018.07.07"]
[Round "6"]
[White "Eynullayev, Altay"]
[Black "Bashirov, Teymur"]
[Result "1-0"]
[ECO "E09"]
[WhiteElo "2134"]
[BlackElo "2379"]
[Annotator "NA"]
[PlyCount "114"]
[EventDate "2018.07.03"]
[EventType "swiss"]
[EventCountry "GEO"]
[SourceTitle "playchess.com"]
[Source "ChessBase"]
[SourceQuality "1"]
[TimeControl "40/5400+30:1800+30"]

1. d4 d5 2. c4 e6 3. Nf3 Nf6 4. g3 Bb4+ 5. Bd2 Be7 6. Bg2 O-O 7. O-O c6 8. Qc2 Nbd7 9. Rd1 b6 10. Bf4 Nh5 11. Bc1 Nhf6 12. Nbd2 Bb7 13. e4 dxe4 14. Nxe4 Nxe4 15. Qxe4 Qc7 16. Bf4 Bd6 17. Bxd6 Qxd6 18. c5 {[%emt 0:01:26] E09: Closed Catalan: Main Line: 7 Qc2 c6 8 Nbd2} Qc7 (18... Qe7 19. b4 a5 20. a3 Rfd8 21. Ne5 Nxe5 22. Qxe5 axb4 23. axb4 b5 24. h4 Qd7 25. Bf3 h6 {0-1 (63) Khairullin,I (2613)-Krapivin,A (2500) St Petersburg 2009}) 19. Rac1 Rfd8 {[%emt 0:04:31] [#]} 20. h4 $146 ({Predecessor:} 20. a3 a5 21. h4 a4 22. Ng5 Nf6 23. Qe5 Qxe5 24. dxe5 Nd7 25. cxb6 Nxb6 {1-0 (72) Grabarczyk,M (2505)-Polishchuk,O (2200) Wroclaw 2003}) 20... Rac8 21. Qe2 Nf6 22. Ne5 Nd5 23. Qe4 b5 24. a3 Re8 25. Rd3 Rcd8 26. Rcd1 Re7 27. Rf3 Bc8 $11 28. Bf1 Nf6 29. Qxc6 Bb7 30. Qxc7 Rxc7 31. c6 Ba6 32. a4 Rd5 33. axb5 Bxb5 34. Rb3 a6 35. Bc4 Rd8 36. Bxb5 axb5 37. Rxb5 Kf8 38. Rb4 Nd5 39. Rc4 Ke7 40. b4 f6 41. Nf3 Rb8 42. Rb1 Rb5 43. Nd2 Rc8 44. Ne4 Rcb8 45. Ra1 Rc8 46. Ra7+ Rc7 47. Nc3 Rxa7 48. Nxb5 Ra8 49. Nc3 Nb6 50. Rc5 Rd8 51. c7 Rc8 52. d5 exd5 53. Rc6 Na8 54. Nxd5+ Kd7 55. b5 Re8 56. Rc1 Kc8 57. b6 Re6 1-0

[Event "4th Batumi Cup 2018"]
[Site "Batumi"]
[Date "2018.07.08"]
[Round "7"]
[White "Jumabayev, Rinat"]
[Black "Mosadeghpour, Masoud"]
[Result "1-0"]
[ECO "D76"]
[WhiteElo "2594"]
[BlackElo "2531"]
[Annotator "ChessBase"]
[PlyCount "211"]
[EventDate "2018.07.03"]
[EventType "swiss"]
[EventCountry "GEO"]
[SourceTitle "playchess.com"]
[Source "ChessBase"]
[SourceQuality "1"]
[TimeControl "40/5400+30:1800+30"]

1. Nf3 Nf6 2. c4 g6 3. g3 Bg7 4. Bg2 O-O 5. d4 d5 6. cxd5 Nxd5 7. O-O Nb6 8. Nc3 Nc6 9. d5 Na5 10. Qc2 c6 11. dxc6 Nxc6 12. Rd1 Qe8 13. h3 Bd7 14. e4 Rc8 15. Qe2 Be6 16. Nd5 Bxd5 17. exd5 Nb4 18. Ne5 Rd8 19. Be3 N4xd5 20. Bc5 Na4 21. Bd4 Nc7 22. Nc6 bxc6 23. Bxg7 Kxg7 24. Qe5+ Kg8 25. Qxc7 Nxb2 26. Rxd8 Qxd8 27. Qxa7 e5 28. Bxc6 Qd4 29. Qxd4 exd4 30. Rb1 Rc8 31. Bd5 Na4 32. Rb7 d3 33. Rxf7 Rc1+ 34. Kg2 Nc5 35. Rf4+ Kg7 36. Rd4 Kf6 37. Bf3 Rc2 38. a4 d2 39. Bd1 Ra2 40. f4 g5 41. Kf2 gxf4 42. gxf4 Ra3 43. Ke2 Rxh3 44. Kxd2 Ke7 45. Rb4 Kd6 46. f5 Ke5 47. Bc2 h5 48. Rb5 Kd4 49. Rb4+ Ke5 50. a5 Ra3 51. Rb5 Kd4 52. f6 Rf3 53. Rb6 Rf2+ 54. Kd1 Ke5 55. a6 Nxa6 56. Rxa6 h4 57. f7 Rxf7 58. Rh6 Rf4 59. Ke2 Kd4 60. Rh5 Rg4 61. Kf3 Rg3+ 62. Kf4 Rh3 63. Be4 Rh2 64. Bf3 Rb2 65. Rxh4 Rb8 66. Be4 Re8 67. Bf5 Re1 68. Rh8 Rf1+ 69. Kg5 Rg1+ 70. Kf6 Ra1 71. Rh4+ Ke3 72. Re4+ Kf3 73. Rb4 Ke3 74. Be4 Ra5 75. Ke6 Ra7 76. Bd5 Rh7 77. Kd6 Rh2 78. Rg4 Rh8 79. Kc5 Rc8+ 80. Bc6 Rc7 81. Re4+ Kf2 82. Rf4+ Ke3 83. Rf3+ Kd2 84. Kd5 Rc8 85. Rh3 Kc2 86. Bb5 Rd8+ 87. Ke4 Kd2 88. Bc4 Rf8 89. Bd5 Re8+ 90. Kd4 Rf8 91. Rh2+ Ke1 92. Ke3 Re8+ 93. Be4 Rf8 94. Rh1+ Rf1 95. Rh8 Rf2 96. Rh1+ Rf1 97. Rh2 Rf8 98. Re2+ Kd1 99. Rd2+ Ke1 100. Rb2 Rd8 101. Re2+ Kd1 102. Rh2 Kc1 103. Rc2+ Kd1 104. Rc5 Re8 105. Rc7 Re6 106. Rb7 1-0

[Event "4th Batumi Cup 2018"]
[Site "Batumi"]
[Date "2018.07.08"]
[Round "7"]
[White "Smirnov, Pavel"]
[Black "Tutisani, Noe"]
[Result "1/2-1/2"]
[ECO "C84"]
[WhiteElo "2576"]
[BlackElo "2469"]
[Annotator "ChessBase"]
[PlyCount "72"]
[EventDate "2018.07.03"]
[EventType "swiss"]
[EventCountry "GEO"]
[SourceTitle "playchess.com"]
[Source "ChessBase"]
[SourceQuality "1"]
[TimeControl "40/5400+30:1800+30"]

1. e4 e5 2. Nf3 Nc6 3. Bb5 a6 4. Ba4 Nf6 5. O-O b5 6. Bb3 Bb7 7. d3 Be7 8. Re1 d6 9. a3 O-O 10. Nc3 Qd7 11. Nd5 Nxd5 12. exd5 Nd4 13. Nxd4 exd4 14. Qf3 Bf6 15. Bd2 Rfe8 16. a4 Rxe1+ 17. Bxe1 Re8 18. axb5 axb5 19. Bd2 Ra8 20. Rxa8+ Bxa8 21. Qe2 h6 22. h3 Bb7 23. Kf1 Qc8 24. Qg4 Qa8 25. Qd7 Bxd5 26. Bxd5 Qxd5 27. Qxc7 Kh7 28. b3 h5 29. Bf4 Be5 30. Bxe5 dxe5 31. b4 Kg6 32. f3 f6 33. Kf2 Qa2 34. Qc6 Qb1 35. Qxb5 Qxc2+ 36. Kg3 Qd2 1/2-1/2

[Event "4th Batumi Cup 2018"]
[Site "Batumi"]
[Date "2018.07.08"]
[Round "7"]
[White "Pourramezanali, Amirreza"]
[Black "Mgeladze, Tamaz"]
[Result "1/2-1/2"]
[ECO "B53"]
[WhiteElo "2537"]
[BlackElo "2374"]
[Annotator "ChessBase"]
[PlyCount "73"]
[EventDate "2018.07.03"]
[EventType "swiss"]
[EventCountry "GEO"]
[SourceTitle "playchess.com"]
[Source "ChessBase"]
[SourceQuality "1"]
[TimeControl "40/5400+30:1800+30"]

1. e4 c5 2. Nf3 d6 3. d4 Nf6 4. dxc5 Nxe4 5. cxd6 Nc6 6. Bd3 Nxd6 7. O-O g6 8. Nc3 Bg7 9. Re1 O-O 10. Bg5 Bf5 11. Nd5 Re8 12. Bxf5 Nxf5 13. g4 Nd6 14. c3 h6 15. Bh4 Qd7 16. h3 Rad8 17. Qd3 g5 18. Bg3 Nc8 19. Rad1 Nb6 20. Nb4 Nxb4 21. Qxd7 Rxd7 22. Rxd7 Nxd7 23. cxb4 Bxb2 24. Rb1 Bc3 25. Rc1 Bxb4 26. Rc7 Nc5 27. Nd4 a5 28. Nf5 Kf8 29. Nxh6 b6 30. Nf5 Ne6 31. Rb7 Bc5 32. Ne3 Rc8 33. Nd5 Rc6 34. Rb8+ Kg7 35. Rb7 Kf8 36. Rb8+ Kg7 37. Rb7 1/2-1/2

[Event "4th Batumi Cup 2018"]
[Site "Batumi"]
[Date "2018.07.08"]
[Round "7"]
[White "Sanikidze, Tornike"]
[Black "Pantsulaia, Levan"]
[Result "1/2-1/2"]
[ECO "D25"]
[WhiteElo "2512"]
[BlackElo "2575"]
[Annotator "ChessBase"]
[PlyCount "51"]
[EventDate "2018.07.03"]
[EventType "swiss"]
[EventCountry "GEO"]
[SourceTitle "playchess.com"]
[Source "ChessBase"]
[SourceQuality "1"]
[TimeControl "40/5400+30:1800+30"]

1. d4 d5 2. c4 c6 3. Nf3 dxc4 4. e3 Be6 5. Nc3 Nf6 6. Ng5 Qc8 7. Nxe6 Qxe6 8. a4 Na6 9. a5 Nb4 10. Ra4 Nd3+ 11. Bxd3 cxd3 12. Qxd3 Qd7 13. O-O e6 14. Bd2 Be7 15. Qc2 O-O 16. Rc4 b5 17. axb6 axb6 18. Ne2 c5 19. dxc5 bxc5 20. e4 Rfb8 21. Rb1 Qb5 22. Bg5 Ra2 23. e5 Nd5 24. Bxe7 Nxe7 25. Rxc5 Qb6 26. Rc7 1/2-1/2

[Event "4th Batumi Cup 2018"]
[Site "Batumi"]
[Date "2018.07.08"]
[Round "7"]
[White "Maghalashvili, Davit"]
[Black "Lomsadze, Davit"]
[Result "1-0"]
[ECO "E63"]
[WhiteElo "2508"]
[BlackElo "2348"]
[Annotator "ChessBase"]
[PlyCount "61"]
[EventDate "2018.07.03"]
[EventType "swiss"]
[EventCountry "GEO"]
[SourceTitle "playchess.com"]
[Source "ChessBase"]
[SourceQuality "1"]
[TimeControl "40/5400+30:1800+30"]

1. Nf3 Nf6 2. c4 g6 3. g3 Bg7 4. Bg2 O-O 5. O-O d6 6. d4 Nc6 7. Nc3 a6 8. Bf4 Bd7 9. Rc1 Rb8 10. a3 b5 11. cxb5 axb5 12. b4 Na7 13. e4 Nc8 14. Re1 Nb6 15. Bf1 c6 16. e5 Ne8 17. d5 Nxd5 18. Nxd5 cxd5 19. Qxd5 e6 20. Qd2 d5 21. Nd4 Nc7 22. Bg5 f6 23. exf6 Bxf6 24. Bf4 Rc8 25. Rxc7 Rxc7 26. Bxc7 Qxc7 27. Nxe6 Bxe6 28. Rxe6 d4 29. Bxb5 Qc3 30. Qd3 Bg7 31. Kg2 1-0

[Event "4th Batumi Cup 2018"]
[Site "Batumi"]
[Date "2018.07.08"]
[Round "7"]
[White "Nigmatov, Ortik"]
[Black "Khomeriki, Nino"]
[Result "1-0"]
[ECO "C84"]
[WhiteElo "2461"]
[BlackElo "2257"]
[Annotator "ChessBase"]
[PlyCount "95"]
[EventDate "2018.07.03"]
[EventType "swiss"]
[EventCountry "GEO"]
[SourceTitle "playchess.com"]
[Source "ChessBase"]
[SourceQuality "1"]
[TimeControl "40/5400+30:1800+30"]

1. e4 e5 2. Nf3 Nc6 3. Bb5 a6 4. Ba4 Nf6 5. O-O Be7 6. d3 b5 7. Bb3 d6 8. a4 Na5 9. Ba2 c5 10. Nc3 b4 11. Ne2 b3 12. cxb3 O-O 13. b4 cxb4 14. Bd2 Rb8 15. h3 Re8 16. Ng3 Bf8 17. d4 exd4 18. Nxd4 g6 19. Qf3 Bg7 20. Rfe1 Qe7 21. Rac1 Nd7 22. Bg5 Qf8 23. Qd1 Nc5 24. h4 Bd7 25. Be3 Bxa4 26. Qe2 b3 27. Bb1 Nc6 28. Red1 Nxd4 29. Bxd4 Bb5 30. Qe3 Bxd4 31. Rxd4 a5 32. Qd2 a4 33. Rxd6 Rbd8 34. e5 Nd3 35. Bxd3 Rxd6 36. exd6 Qxd6 37. Rc3 a3 38. bxa3 Rd8 39. Ne4 Qxa3 40. Qg5 Qa1+ 41. Kh2 Rxd3 42. Nf6+ Kf8 43. Rc8+ Ke7 44. Ng8+ Kd7 45. Qd8+ Ke6 46. Qe7+ Kf5 47. Rc5+ Kf4 48. Qg5+ 1-0

[Event "4th Batumi Cup 2018"]
[Site "Batumi"]
[Date "2018.07.08"]
[Round "7"]
[White "Duzhakov, Ilya"]
[Black "Sattarov, Bobir"]
[Result "1-0"]
[ECO "B38"]
[WhiteElo "2448"]
[BlackElo "2328"]
[Annotator "ChessBase"]
[PlyCount "87"]
[EventDate "2018.07.03"]
[EventType "swiss"]
[EventCountry "GEO"]
[SourceTitle "playchess.com"]
[Source "ChessBase"]
[SourceQuality "1"]
[TimeControl "40/5400+30:1800+30"]

1. d4 Nf6 2. c4 g6 3. Nc3 Bg7 4. e4 d6 5. f3 O-O 6. Be3 c5 7. Nge2 cxd4 8. Nxd4 Nc6 9. Be2 Bd7 10. Nc2 Qa5 11. Qd2 Rfc8 12. O-O Ne5 13. Na3 Be6 14. Nd5 Qxd2 15. Bxd2 Nxd5 16. cxd5 Bd7 17. Bc3 Rab8 18. f4 Ng4 19. Bxg7 Kxg7 20. Rfc1 h5 21. h3 Nf6 22. Bf3 h4 23. Kf2 g5 24. e5 Ne8 25. exd6 Nxd6 26. fxg5 Kg6 27. Re1 Nf5 28. Be4 Rc7 29. Bd3 Kxg5 30. Re5 f6 31. Re4 Rc5 32. Rg4+ Kh5 33. Be2 Kh6 34. Rd1 Rbc8 35. Nc4 b5 36. Ne3 Nxe3 37. Rxh4+ Kg5 38. Rh5+ Kg6 39. Kxe3 Rc2 40. g4 Rxb2 41. Bd3+ f5 42. Rxf5 Kg7 43. Rg5+ Kf6 44. h4 1-0

[Event "4th Batumi Cup 2018"]
[Site "Batumi"]
[Date "2018.07.08"]
[Round "7"]
[White "Sibashvili, Giorgi"]
[Black "Sanchez, Louis"]
[Result "1/2-1/2"]
[ECO "D35"]
[WhiteElo "2408"]
[BlackElo "2290"]
[Annotator "ChessBase"]
[PlyCount "221"]
[EventDate "2018.07.03"]
[EventType "swiss"]
[EventCountry "GEO"]
[SourceTitle "playchess.com"]
[Source "ChessBase"]
[SourceQuality "1"]
[TimeControl "40/5400+30:1800+30"]

1. c4 e6 2. d4 d5 3. Nc3 Nf6 4. cxd5 exd5 5. Bg5 c6 6. e3 Bf5 7. Qf3 Bg6 8. Bxf6 Qxf6 9. Qxf6 gxf6 10. Nf3 Nd7 11. O-O-O Nb6 12. Bd3 Nc8 13. Ne2 Nd6 14. Ng3 Rg8 15. Rhg1 Kd7 16. Nh4 Ke6 17. Kc2 Be7 18. Nxg6 hxg6 19. e4 dxe4 20. Nxe4 Nxe4 21. Rge1 Kd6 22. Rxe4 f5 23. Re2 Rh8 24. h3 Bf6 25. Bc4 Raf8 26. Rde1 b5 27. Bb3 a5 28. a3 a4 29. Ba2 Bxd4 30. Re7 Bxf2 31. R1e2 f4 32. R2e4 g5 33. Bxf7 Rh6 34. Be8 Be3 35. Rd7+ Kc5 36. Re5+ Kb6 37. Rde7 g4 38. hxg4 Rh2 39. R7e6 Rxg2+ 40. Kd3 Rxe8 41. Rxe8 Rxg4 42. R5e6 Rg5 43. Rxe3 fxe3 44. Rxe3 Rc5 45. Re1 Rc4 46. Rh1 Rg4 47. Rh5 Rg3+ 48. Kc2 Re3 49. Rg5 Kc7 50. Rg6 Re5 51. Rh6 Kb6 52. Rg6 Kc5 53. Rg4 Kd5 54. Kd3 Rh5 55. Rd4+ Kc5 56. Rg4 Rh3+ 57. Kc2 Re3 58. Kd2 Re5 59. Kc3 Rf5 60. Rh4 Kd6 61. Rd4+ Ke6 62. Rh4 c5 63. Rh8 Rf3+ 64. Kc2 Kd7 65. Rh7+ Kc6 66. Rh6+ Kb7 67. Rh7+ Kb6 68. Rh6+ Kb7 69. Rg6 Rf2+ 70. Kc3 Rf3+ 71. Kc2 Rf7 72. Kc3 Re7 73. Rh6 Rf7 74. Rg6 Rc7 75. Rh6 Rc6 76. Rh7+ Kb6 77. Rh8 Re6 78. Rb8+ Kc6 79. Rc8+ Kd5 80. Rd8+ Kc6 81. Rc8+ Kb6 82. Rb8+ Ka6 83. Rc8 Re3+ 84. Kd2 Re5 85. Kc3 Rg5 86. Rb8 Rg3+ 87. Kc2 Rg4 88. Kc3 Rh4 89. Ra8+ Kb7 90. Ra5 Kc6 91. Ra8 Rh3+ 92. Kc2 Kd5 93. Kb1 Kd4 94. Ka2 Kc4 95. Ra7 b4 96. axb4 cxb4 97. Rc7+ Kb5 98. Rb7+ Kc5 99. Ra7 Rh1 100. Rc7+ Kb6 101. Rc8 Rh2 102. Rb8+ Kc5 103. Rc8+ Kd5 104. Rd8+ Kc4 105. Rc8+ Kd3 106. Rd8+ Kc2 107. Rc8+ Kd1 108. Rc4 a3 109. Rxb4 Rxb2+ 110. Rxb2 axb2 111. Kxb2 1/2-1/2

[Event "4th Batumi Cup 2018"]
[Site "Batumi"]
[Date "2018.07.08"]
[Round "7"]
[White "Rahul Srivatshav P"]
[Black "Akhvlediani, Irakli"]
[Result "1/2-1/2"]
[ECO "B31"]
[WhiteElo "2397"]
[BlackElo "2264"]
[Annotator "NA"]
[PlyCount "158"]
[EventDate "2018.07.03"]
[EventType "swiss"]
[EventCountry "GEO"]
[SourceTitle "playchess.com"]
[Source "ChessBase"]
[SourceQuality "1"]
[TimeControl "40/5400+30:1800+30"]

1. e4 c5 2. Nf3 Nc6 3. Bb5 Nf6 4. e5 Nd5 5. O-O Nc7 6. Bxc6 dxc6 7. d3 g6 8. h3 Bg7 9. Nc3 Ne6 10. Re1 O-O 11. Ne4 b6 12. Neg5 h6 {[%emt 0:05:30] LiveBook: 11 Games B31: Sicilian: 2...Nc6 3 Bb5 g6} (12... Nd4 $11) (12... Nc7 13. Ne4 h6 14. b3 Ne6 15. Ng3 Nd4 16. Bb2 Be6 17. c4 Qd7 18. Bxd4 cxd4 19. Ne2 c5 20. Nf4 a5 21. Qe2 Ra6 22. a4 {½-½ (22) Ghaem Maghami,E (2557)-Kryvoruchko,Y (2679) Germany 2012}) 13. Nxe6 Bxe6 14. Be3 Qc7 15. c3 Rfd8 16. d4 cxd4 $146 ({Predecessor:} 16... Kh7 17. Qe2 cxd4 18. cxd4 Bd5 19. a3 Qb7 20. Rac1 a5 21. Nd2 c5 22. f3 cxd4 23. Bxd4 Be6 24. Bf2 b5 25. Ne4 {½-½ (25) Ramirez,J-Martin Del Campo C,R Sharjah 1985}) 17. cxd4 Qb7 18. Qc1 Kh7 19. Qc3 Bd5 20. Nh4 e6 21. f4 Bf8 22. Bf2 a5 23. a3 b5 24. Qd3 Be7 25. Kh2 {[%emt 0:05:52] [#]} a4 ({Better is} 25... c5 $1 $19 26. dxc5 Bxg2) 26. g4 c5 27. dxc5 Bc4 ({Better is} 27... Bc6 $17 28. Qc2 b4) 28. Qf3 Qxf3 29. Nxf3 Rd3 30. Kg2 (30. Re3 $15) 30... Bd5 31. Re3 Rd2 32. Kg3 Rxb2 33. Rc3 Rb3 34. Rxb3 axb3 35. Nd2 b2 36. Rb1 Rxa3+ 37. Kh2 Rc3 38. Rxb2 Bxc5 (38... g5 $19 39. f5 Bd8) 39. Nb1 Rc1 40. Bxc5 Rxc5 41. Na3 Bc4 ({Black should play} 41... h5 $17 42. Rxb5 Rc3) 42. Rc2 g5 $11 43. Nxb5 Rxb5 44. Rxc4 gxf4 45. Rxf4 Kg6 46. Re4 Kg5 47. Re2 Kh4 48. Re3 Rb2+ 49. Kg1 Rd2 50. Kh1 Rf2 51. Kg1 Rd2 52. Kh1 Rf2 53. Kg1 Rc2 54. Kh1 Kg5 55. Rf3 Kg6 56. Re3 h5 57. gxh5+ Kxh5 58. Rf3 Kg6 59. Kg1 Re2 60. Rg3+ Kh7 61. Rf3 Kg7 62. Rg3+ Kh6 63. Rf3 Kg6 64. Rg3+ Kh5 65. Rg7 Kh4 66. Rxf7 Kxh3 67. Rg7 Kh4 68. Kf1 Rxe5 69. Kf2 Rg5 70. Rxg5 Kxg5 71. Ke3 Kf5 72. Kf3 e5 73. Ke3 e4 74. Ke2 Kf4 75. Kf2 e3+ 76. Ke2 Ke4 77. Ke1 Kf3 78. Kf1 e2+ 79. Ke1 Ke3 1/2-1/2